[Event "November 21 Early 2023"]
[Site "https://www.chess.com"]
[Date "2023.11.21"]
[Round "8"]
[White "Ahmad, Khagan"]
[Black "Rakhmanov, Aleksandr"]
[Result "0-1"]
[Board "32"]
[TimeControl "180+1"]
[WhiteFideId "13431552"]
[BlackFideId "4173708"]
[WhiteElo "2160"]
[BlackElo "2521"]
[WhiteTeam "AZE"]
[BlackTeam "FID"]
[WhiteClock "0:00:00"]
[BlackClock "0:00:12"]

1. Nf3 d5 2. e3 Nf6 3. c4 e6 4. b3 g6 5. Bb2 Bg7 6. g4 h6 7. h4 Nc6 8. a3 Qe7 9. Bg2 dxc4 10. bxc4 e5 11. g5 hxg5 12. hxg5 Rxh1+ 13. Bxh1 Ne4 14. Nc3 Nxc3 15. Bxc3 Bg4 16. Qb3 Rb8 17. d3 a5 18. Nd2 Nd4 19. Qb2 Kf8 20. Be4 Ne6 21. Bxa5 Nxg5 22. Bb4 c5 23. Bc3 Nxe4 24. Nxe4 Kg8 25. Qb6 Rc8 26. Rb1 f5 27. Ng3 Rd8 28. Kd2 e4 29. Qxb7 Rxd3+ 30. Kc2 Rxc3+ 0-1

[Event "November 21 Early 2023"]
[Site "https://www.chess.com"]
[Date "2023.11.21"]
[Round "8"]
[White "Idani, Pouya"]
[Black "Trost, Edvin"]
[Result "0-1"]
[Board "33"]
[TimeControl "180+1"]
[WhiteFideId "12510130"]
[BlackFideId "1729519"]
[WhiteElo "2574"]
[BlackElo "2385"]
[WhiteTeam "IRI"]
[BlackTeam "SWE"]
[WhiteClock "0:00:20"]
[BlackClock "0:00:50"]

1. e4 c5 2. Nf3 e6 3. d4 cxd4 4. Bg5 Qb6 5. Qxd4 Qxd4 6. Nxd4 a6 7. Nd2 h6 8. Be3 d6 9. Nc4 Nd7 10. O-O-O Ngf6 11. f3 d5 12. exd5 Nxd5 13. Bf2 Bc5 14. Rd2 O-O 15. g3 b5 16. Ne3 Nxe3 17. Bxe3 Bb7 18. Be2 Ne5 19. Rf1 Rfd8 20. f4 Nc6 21. Rfd1 Nb4 22. c3 Rac8 23. Bg1 Be4 24. b3 Nd5 25. Kb2 Nxc3 26. Re1 Bb4 27. Bf1 Nd5 0-1

[Event "November 21 Early 2023"]
[Site "https://www.chess.com"]
[Date "2023.11.21"]
[Round "8"]
[White "Al-Tarboush, Ward"]
[Black "Szpar, Milosz"]
[Result "0-1"]
[Board "34"]
[TimeControl "180+1"]
[WhiteFideId "7601450"]
[BlackFideId "1184989"]
[WhiteElo "2280"]
[BlackElo "2446"]
[WhiteTeam "NOR"]
[BlackTeam "POL"]
[WhiteClock "0:00:00"]
[BlackClock "0:00:11"]

1. e4 Nf6 2. e5 Nd5 3. d4 d6 4. Nf3 dxe5 5. dxe5 Bg4 6. a3 Nc6 7. Bb5 e6 8. O-O Be7 9. h3 Bh5 10. c4 Nb6 11. Bxc6+ bxc6 12. Qe2 O-O 13. Rd1 Qc8 14. b3 a5 15. Nbd2 Nd7 16. Bb2 Nc5 17. Qe3 Rb8 18. Bd4 Nd7 19. Ne4 h6 20. a4 c5 21. Bb2 Rd8 22. Rd3 Nb6 23. Rad1 Nxc4 24. Rxd8+ Bxd8 25. bxc4 Rxb2 26. Nxc5 Bg5 27. Qd4 Bxf3 28. gxf3 Ra2 29. f4 Bh4 30. Rd2 Ra3 31. f5 Bg5 32. f4 Be7 33. fxe6 fxe6 34. Kg2 Qe8 35. f5 exf5 36. Nd3 Qg6+ 37. Kf2 Kh7 38. c5 Qh5 39. Kg2 Qg5+ 40. Kf3 Qxd2 41. Qf4 Rxd3+ 0-1

[Event "November 21 Early 2023"]
[Site "https://www.chess.com"]
[Date "2023.11.21"]
[Round "8"]
[White "Dragun, Kamil"]
[Black "Hilary46"]
[Result "0-1"]
[Board "35"]
[TimeControl "180+1"]
[WhiteFideId "1134167"]
[WhiteElo "2551"]
[BlackElo "2637"]
[WhiteTeam "POL"]
[WhiteClock "0:01:09"]
[BlackClock "0:01:18"]

1. d4 d5 2. c4 e6 3. Nc3 c6 4. e3 Nf6 5. Nf3 Nbd7 6. Be2 Bd6 7. O-O O-O 8. b3 b6 9. Bb2 Bb7 10. Bd3 c5 11. cxd5 exd5 12. Rc1 Re8 13. Bf5 a6 14. Qc2 g6 15. Bh3 c4 16. bxc4 dxc4 17. d5 b5 18. Nd4 b4 19. Nc6 Qc7 20. f4 Nc5 21. Nb5 axb5 22. Bxf6 Bxc6 23. dxc6 Rxe3 24. Bd4 Re4 25. Rcd1 Nd3 26. Rxd3 cxd3 27. Qxd3 Qxc6 28. Kh1 Qd5 0-1

[Event "November 21 Early 2023"]
[Site "https://www.chess.com"]
[Date "2023.11.21"]
[Round "8"]
[White "Pakleza, Zbigniew"]
[Black "Vlassov, Nikolai"]
[Result "1-0"]
[Board "36"]
[TimeControl "180+1"]
[WhiteFideId "1119290"]
[BlackFideId "4103360"]
[WhiteElo "2410"]
[BlackElo "2324"]
[WhiteTeam "POL"]
[BlackTeam "FID"]
[WhiteClock "0:00:06"]
[BlackClock "0:00:00"]

1. d4 Nf6 2. Nf3 e6 3. Bf4 c5 4. c3 b6 5. e3 Bb7 6. Nbd2 Be7 7. h3 h6 8. a4 d6 9. Nc4 Ne4 10. Bd3 d5 11. Nce5 O-O 12. O-O Nd7 13. Nxd7 Qxd7 14. Ne5 Qc8 15. Qe2 Bf6 16. a5 Bxe5 17. Bxe5 c4 18. Bc2 f6 19. Bh2 Bc6 20. f3 Ng5 21. e4 bxa5 22. Rxa5 Qb7 23. exd5 Bxd5 24. Bd6 Rfd8 25. Bb4 Rd7 26. h4 Nf7 27. Be4 Re8 28. Bxd5 Rxd5 29. Rfa1 Rxa5 30. Rxa5 e5 31. Qxc4 e4 32. Qe2 Qc6 33. Rxa7 exf3 34. Qxf3 Qxf3 35. gxf3 Re2 36. Ba3 g5 37. h5 f5 38. Ra6 f4 39. c4 Kh7 40. Ra7 Kg8 41. c5 g4 42. c6 Ng5 43. c7 1-0

[Event "November 21 Early 2023"]
[Site "https://www.chess.com"]
[Date "2023.11.21"]
[Round "8"]
[White "Pendos666"]
[Black "Skatchkov, Valery"]
[Result "1/2-1/2"]
[Board "37"]
[TimeControl "180+1"]
[BlackFideId "24195812"]
[WhiteElo "2818"]
[BlackElo "2320"]
[BlackTeam "RUS"]
[WhiteClock "0:00:58"]
[BlackClock "0:00:07"]

1. e4 e5 2. Nf3 d5 3. Nxe5 Bd6 4. d4 dxe4 5. Nc4 Nc6 6. Nxd6+ Qxd6 7. Be3 Nge7 8. c3 O-O 9. Nd2 f5 10. g3 Nd5 11. Bc4 Be6 12. Qe2 Kh8 13. Bb3 Bg8 14. O-O-O a5 15. a4 Nxc3 16. bxc3 Qa3+ 17. Kb1 Bxb3 18. Nxb3 Qxb3+ 19. Qb2 Qxa4 20. d5 Ne5 21. Rd4 Nc4 22. Qa2 Qb5+ 23. Ka1 Nxe3 24. fxe3 Qc5 25. Qb3 b5 26. Rb1 Rab8 27. Kb2 Rfd8 28. Ra1 a4 29. Qb4 Rxd5 30. Rxa4 Qc6 31. Ra7 h6 32. Qe7 Rxd4 33. cxd4 Qd6 34. Rxc7 Qxe7 35. Rxe7 Kh7 36. Kb3 Kg6 37. Kb4 Kf6 38. Rc7 Ra8 39. Rc6+ Kg5 40. Rc2 Ra4+ 41. Kxb5 Ra3 42. Re2 Rd3 43. Kc6 Kf6 44. h4 g5 45. hxg5+ hxg5 46. Re1 Rc3+ 47. Kd6 Rd3 48. d5 Rd2 49. Kc5 Ke5 50. Kc4 Rxd5 51. Kc3 Rd3+ 52. Kc2 Kf6 53. Re2 Kg6 54. g4 fxg4 55. Re1 g3 56. Rg1 Rxe3 57. Kd2 Rd3+ 58. Ke2 Kf5 59. Rb1 Kg4 60. Rb4 Kf4 61. Rb8 Re3+ 62. Kf1 Kg4 63. Re8 Rf3+ 64. Kg1 Kf4 65. Kg2 Ke3 66. Rd8 Ke2 67. Rd7 e3 68. Rd8 Rf7 69. Ra8 Rf2+ 70. Kxg3 Kd3 71. Rd8+ Ke2 72. Ra8 Rf7 73. Ra2+ Kd3 74. Ra3+ Kd2 75. Ra2+ Kd1 76. Ra1+ Kc2 77. Ra2+ Kb3 78. Re2 Re7 79. Kf3 Kc3 80. Rxe3+ Rxe3+ 81. Kxe3 Kc4 82. Ke4 Kc3 83. Kf5 g4 84. Kxg4 1/2-1/2

[Event "November 21 Early 2023"]
[Site "https://www.chess.com"]
[Date "2023.11.21"]
[Round "8"]
[White "Molina, Roberto Junio Brito"]
[Black "gueraumasague"]
[Result "1-0"]
[Board "38"]
[TimeControl "180+1"]
[WhiteFideId "2109450"]
[WhiteElo "2389"]
[BlackElo "2604"]
[WhiteTeam "BRA"]
[WhiteClock "0:00:12"]
[BlackClock "0:00:00"]

1. d4 g6 2. e4 Nf6 3. Nc3 d5 4. e5 Ne4 5. Nxe4 dxe4 6. c3 Bg7 7. f4 exf3 8. Nxf3 O-O 9. Bc4 c5 10. dxc5 Qc7 11. e6 f5 12. Be3 Nc6 13. Qe2 Ne5 14. Nxe5 Qxe5 15. Bd4 Qf4 16. g3 Qg5 17. Bxg7 Kxg7 18. Qe5+ Qf6 19. Qe3 f4 20. Qxf4 Qxf4 21. gxf4 Rxf4 22. Bb3 Bxe6 23. O-O-O Bg4 24. Rde1 Kf6 25. Bd5 Rc8 26. Bxb7 Rxc5 27. Be4 h5 28. Rhg1 e5 29. Rg2 Bf5 30. Bc2 e4 31. Kd2 Ke5 32. Rge2 Rc7 33. Kc1 h4 34. Re3 h3 35. b4 g5 36. Kb2 Rf2 37. Kb3 Rxh2 38. Bxe4 Bxe4 39. Rxe4+ Kf5 40. Re8 g4 41. Rf1+ Kg5 42. Rg8+ Kh4 43. Rf4 Rg2 44. c4 h2 45. Rh8+ Kg3 46. Rd4 Rg1 47. Rd3+ Kf4 48. Rxh2 Rg3 49. Rc3 Rxc3+ 50. Kxc3 g3 51. Rh8 Rg7 52. Rh1 g2 53. Ra1 Kg3 54. b5 Kh2 55. c5 Rf7 56. Rd1 Rf1 57. Rd2 Rc1+ 58. Kd4 Rb1 59. Kc4 Rb2 60. Rxb2 1-0

[Event "November 21 Early 2023"]
[Site "https://www.chess.com"]
[Date "2023.11.21"]
[Round "8"]
[White "Arifarsky"]
[Black "Saravana, Krishnan P."]
[Result "0-1"]
[Board "39"]
[TimeControl "180+1"]
[BlackFideId "5018382"]
[WhiteElo "2798"]
[BlackElo "2167"]
[BlackTeam "IND"]
[WhiteClock "0:00:12"]
[BlackClock "0:00:43"]

1. e4 c6 2. d3 d5 3. Nd2 g6 4. Ngf3 Bg7 5. c3 e5 6. Qc2 Nd7 7. g3 Ngf6 8. Bg2 O-O 9. O-O Re8 10. Re1 a5 11. a4 Qc7 12. b3 dxe4 13. dxe4 b6 14. Ba3 Ba6 15. c4 Nf8 16. Rad1 Ne6 17. Nb1 Rad8 18. Bb2 Nd7 19. Bh3 Ndc5 20. Rxd8 Rxd8 21. Rd1 Nd4 22. Nxd4 exd4 23. Nd2 Bc8 24. Bg2 Bg4 25. Re1 Qd7 26. e5 Bf5 27. Ne4 d3 28. Qd1 d2 29. Re2 Bxe4 30. Bxe4 Nxb3 31. Bc3 Qe6 32. Bc2 Qxc4 33. Bxb3 Qxb3 0-1

[Event "November 21 Early 2023"]
[Site "https://www.chess.com"]
[Date "2023.11.21"]
[Round "8"]
[White "Galchenko, Matvey"]
[Black "Shubenkova, Veronika"]
[Result "0-1"]
[Board "40"]
[TimeControl "180+1"]
[WhiteFideId "24175480"]
[BlackFideId "44124040"]
[WhiteElo "2406"]
[BlackElo "1967"]
[WhiteTeam "FID"]
[BlackTeam "RUS"]
[WhiteClock "0:00:00"]
[BlackClock "0:00:42"]

1. e4 c6 2. d4 d5 3. exd5 cxd5 4. Bd3 Nc6 5. c3 Nf6 6. h3 e6 7. Nf3 Bd6 8. O-O O-O 9. Re1 a6 10. Bg5 b5 11. b4 Ne7 12. a4 Bd7 13. axb5 Bxb5 14. Bxb5 axb5 15. Nbd2 Qc7 16. Rc1 Ra3 17. Nb3 Ne4 18. Bxe7 Bxe7 19. Nc5 Bxc5 20. dxc5 Rfa8 21. Qd3 Qf4 22. c6 Ra2 23. Rc2 h6 24. Nd4 Ra1 25. Qe2 Nxc3 26. Rxc3 Qxd4 27. Rcc1 Rxc1 28. Rxc1 Qxb4 29. c7 Rc8 30. Qe5 Kh7 31. Rc3 Qb1+ 32. Kh2 Qf5 33. Qd6 b4 34. Rf3 Qh5 35. Qd7 Qe5+ 36. g3 Rxc7 37. Qb5 Qe4 38. Re3 Qc2 39. Kg2 Rc3 40. Re5 Qd3 41. Qxb4 Qf3+ 0-1

[Event "November 21 Early 2023"]
[Site "https://www.chess.com"]
[Date "2023.11.21"]
[Round "8"]
[White "Ibarra Jerez, Jose Carlos"]
[Black "Volkov, Maksim"]
[Result "0-1"]
[Board "41"]
[TimeControl "180+1"]
[WhiteFideId "2226332"]
[BlackFideId "54123070"]
[WhiteElo "2634"]
[BlackElo "2293"]
[WhiteTeam "ESP"]
[BlackTeam "RUS"]
[WhiteClock "0:00:00"]
[BlackClock "0:00:12"]

1. e4 c5 2. Nf3 d6 3. c3 Nf6 4. h3 Nc6 5. Bd3 e6 6. Bc2 Be7 7. O-O O-O 8. Re1 b5 9. d4 cxd4 10. cxd4 Bb7 11. Nc3 b4 12. Ne2 e5 13. Ng3 g6 14. Bh6 Re8 15. Ng5 Nxd4 16. Ba4 Nd7 17. Qg4 Bc6 18. Bxc6 Nxc6 19. Rad1 Nd4 20. Ne2 Nxe2+ 21. Rxe2 Bxg5 22. Bxg5 Qc7 23. Rc1 Qb7 24. Rd2 Re6 25. Rdc2 Nc5 26. Rc4 Ree8 27. Qh4 a5 28. Bf6 Ne6 29. Rc7 Qxc7 30. Rxc7 Nxc7 31. f4 exf4 32. Qxf4 Re6 33. b3 Nb5 34. e5 dxe5 35. Bxe5 Rae8 36. Bf6 Nd6 37. Bb2 Nf5 38. Qd2 h5 39. Kh2 Kh7 40. Qf4 Re2 41. Bf6 R8e6 42. Bg5 Rc6 43. Qf3 Rcc2 44. Qb7 Kg7 45. Bf4 Rxa2 0-1

[Event "November 21 Early 2023"]
[Site "https://www.chess.com"]
[Date "2023.11.21"]
[Round "8"]
[White "Zakaryan, David"]
[Black "mind1mover"]
[Result "0-1"]
[Board "42"]
[TimeControl "180+1"]
[WhiteFideId "24101923"]
[WhiteElo "2323"]
[BlackElo "2872"]
[WhiteTeam "RUS"]
[WhiteClock "0:00:05"]
[BlackClock "0:00:56"]

1. d4 Nc6 2. c4 e5 3. d5 Bb4+ 4. Bd2 Bxd2+ 5. Qxd2 Nce7 6. Nc3 d6 7. h4 f5 8. Nf3 Nf6 9. g3 h6 10. Bg2 O-O 11. O-O-O a6 12. c5 Ng4 13. e3 dxc5 14. h5 e4 15. Nh4 Ne5 16. Kb1 b5 17. g4 Nxg4 18. f3 exf3 19. Bxf3 Qd6 20. e4 Ne5 21. exf5 Nxf3 22. Nxf3 Bxf5+ 23. Ka1 b4 24. Na4 Be4 25. Nh4 Bxh1 26. Rxh1 Qxd5 27. Qxd5+ Nxd5 28. Nxc5 Ne3 29. a3 bxa3 30. Ng6 Rf2 31. Rc1 axb2+ 32. Kb1 bxc1=Q+ 33. Kxc1 0-1

[Event "November 21 Early 2023"]
[Site "https://www.chess.com"]
[Date "2023.11.21"]
[Round "8"]
[White "Taboas Rodriguez, Daniel"]
[Black "Sychev, Klementy"]
[Result "0-1"]
[Board "43"]
[TimeControl "180+1"]
[WhiteFideId "2208466"]
[BlackFideId "4114060"]
[WhiteElo "2365"]
[BlackElo "2583"]
[WhiteTeam "ESP"]
[BlackTeam "FID"]
[WhiteClock "0:00:00"]
[BlackClock "0:00:05"]

1. d4 Nf6 2. Nf3 g6 3. c4 Bg7 4. Nc3 O-O 5. e4 d6 6. Be2 e5 7. dxe5 dxe5 8. Qxd8 Rxd8 9. Bg5 Re8 10. Nd5 Nxd5 11. cxd5 c6 12. Bc4 cxd5 13. Bxd5 Nd7 14. Nd2 Nb6 15. Bb3 Be6 16. Ke2 Rac8 17. Rhc1 Bd7 18. Be3 Bb5+ 19. Ke1 Bf8 20. a3 Kg7 21. Bxb6 axb6 22. Bc4 Ba4 23. Bd5 Bc6 24. Nc4 Bc5 25. Bxc6 Rxc6 26. b3 Bd4 27. Rab1 b5 28. Na5 Rf6 29. f3 Ra8 30. b4 b6 31. Nb3 Rxa3 32. Nxd4 exd4 33. Rd1 Rd6 34. Rd2 Rc3 35. Ke2 Kf6 36. f4 Re3+ 37. Kf2 Rxe4 38. g3 h5 39. Rbd1 Kf5 40. Kf3 Re3+ 41. Kf2 Ke4 42. Rc1 h4 43. Rc8 hxg3+ 44. hxg3 Kd5 45. Rf8 Re7 46. Rc8 Red7 47. Kf3 Re7 48. Rd3 Re1 49. Rc7 f5 50. Rc8 Rb1 51. Re8 Rxb4 52. Re5+ Kc4 53. Rd1 Rb3+ 54. Kf2 b4 55. Re2 Rc3 56. Rb2 d3 57. Ke3 b3 58. Rdd2 Rc2 0-1

[Event "November 21 Early 2023"]
[Site "https://www.chess.com"]
[Date "2023.11.21"]
[Round "8"]
[White "Eljanov, Pavel"]
[Black "Arslanov, Shamil"]
[Result "0-1"]
[Board "44"]
[TimeControl "180+1"]
[WhiteFideId "14102951"]
[BlackFideId "4192826"]
[WhiteElo "2598"]
[BlackElo "2326"]
[WhiteTeam "UKR"]
[BlackTeam "RUS"]
[WhiteClock "0:00:40"]
[BlackClock "0:00:19"]

1. d4 e5 2. dxe5 d6 3. Nf3 Bg4 4. Nc3 Nc6 5. exd6 Bxd6 6. h3 Bh5 7. g4 Bg6 8. Bg5 f6 9. Be3 Qe7 10. Nd5 Qe6 11. c4 O-O-O 12. Bg2 Bb4+ 13. Nd2 h5 14. gxh5 Be4 15. Bxe4 Qxe4 16. Rg1 Bxd2+ 17. Qxd2 Qxc4 18. Rd1 Rxh5 19. Qc3 Rhxd5 0-1

[Event "November 21 Early 2023"]
[Site "https://www.chess.com"]
[Date "2023.11.21"]
[Round "8"]
[White "BardArtem"]
[Black "Goryachkina, Aleksandra"]
[Result "1-0"]
[Board "45"]
[TimeControl "180+1"]
[BlackFideId "4147103"]
[WhiteElo "2842"]
[BlackElo "2475"]
[BlackTeam "FID"]
[WhiteClock "0:00:08"]
[BlackClock "0:00:00"]

1. e4 e6 2. d4 d5 3. Nc3 Bb4 4. Ne2 dxe4 5. a3 Bxc3+ 6. Nxc3 Nc6 7. Bf4 Nge7 8. Qd2 O-O 9. O-O-O f5 10. f3 exf3 11. gxf3 Nd5 12. Rg1 Nxf4 13. Qxf4 Ne7 14. Bc4 c6 15. Rd2 Ng6 16. Qe3 Qf6 17. Ne2 b5 18. Ba2 f4 19. Qf2 Bd7 20. Nc3 Rad8 21. Ne4 Qe7 22. Qe1 Nh4 23. Ng5 Qxg5 24. Rxg5 Nxf3 25. Rxg7+ Kxg7 26. Rg2+ Kh8 27. Qe2 Rg8 28. Qxf3 Rxg2 29. Qxg2 Rf8 30. Qf3 Kg7 31. Kd2 Rf6 32. c4 a6 33. c5 Be8 34. Bb1 Bf7 35. h4 h5 36. Be4 Be8 37. Ke2 1-0

[Event "November 21 Early 2023"]
[Site "https://www.chess.com"]
[Date "2023.11.21"]
[Round "8"]
[White "Klukin, Kirill"]
[Black "Golubev, Mikhail"]
[Result "1-0"]
[Board "46"]
[TimeControl "180+1"]
[WhiteFideId "24199273"]
[BlackFideId "14100983"]
[WhiteElo "2344"]
[BlackElo "2352"]
[WhiteTeam "RUS"]
[BlackTeam "UKR"]
[WhiteClock "0:01:31"]
[BlackClock "0:00:00"]

1. d4 Nf6 2. c4 g6 3. Nc3 Bg7 4. Nf3 d6 5. e3 O-O 6. Be2 Nbd7 7. O-O e5 8. Qc2 Re8 9. b4 exd4 10. Nxd4 a5 11. b5 Nc5 12. Rd1 Bd7 13. Ba3 Qe7 14. Bf3 Rac8 15. Rac1 c6 16. bxc6 bxc6 17. Nb3 Bf5 18. Qd2 Nfe4 19. Nxe4 Nxe4 20. Bxe4 Qxe4 21. Bxd6 Red8 22. Qxa5 Ra8 23. Qb6 Bb2 24. Bg3 Rxd1+ 25. Rxd1 Qxc4 26. h3 Bf6 27. Nd4 Bxd4 28. Rxd4 Qxa2 29. Rd8+ Rxd8 30. Qxd8+ 1-0

[Event "November 21 Early 2023"]
[Site "https://www.chess.com"]
[Date "2023.11.21"]
[Round "8"]
[White "Cherniaiev, Tykhon"]
[Black "Maltsevskaya, Aleksandra"]
[Result "1-0"]
[Board "47"]
[TimeControl "180+1"]
[WhiteFideId "14182360"]
[BlackFideId "24174041"]
[WhiteElo "2438"]
[BlackElo "2296"]
[WhiteTeam "UKR"]
[BlackTeam "POL"]
[WhiteClock "0:00:18"]
[BlackClock "0:00:00"]

1. Nf3 Nf6 2. d4 g6 3. g3 Bg7 4. Bg2 O-O 5. O-O d6 6. c4 Nbd7 7. Nc3 e5 8. b3 exd4 9. Nxd4 Nc5 10. Bb2 a5 11. Qd2 a4 12. Nxa4 Nxa4 13. bxa4 Nd7 14. Nb3 Bxb2 15. Qxb2 Rxa4 16. Qc2 Ra7 17. c5 dxc5 18. Nxc5 Nxc5 19. Qxc5 b6 20. Qe5 Re8 21. Rad1 Bd7 22. Qd5 c5 23. Bh3 Bxh3 24. Qxd8 Rxd8 25. Rxd8+ Kg7 26. Rc1 Rxa2 27. Rb8 Rxe2 28. Rxb6 c4 29. Rc6 Be6 30. h4 h5 31. Kf1 Rd2 32. Ke1 Rd4 33. Ke2 Bg4+ 34. f3 Be6 35. Rc3 Rd7 36. Ke3 Rb7 37. Kf4 Rb5 38. g4 Rd5 39. R3xc4 hxg4 40. fxg4 Rd1 41. Rb4 Rf1+ 42. Ke3 Rg1 43. g5 Rg3+ 44. Kf2 Rh3 45. Rd6 Rh2+ 46. Kg1 Rh3 47. Kg2 Re3 48. Rb7 Re5 49. Ra7 Re4 50. Kf3 Re5 51. Rd8 Bd5+ 52. Kf4 Rf5+ 53. Kg3 Rf3+ 54. Kh2 Be6 55. Raa8 1-0

[Event "November 21 Early 2023"]
[Site "https://www.chess.com"]
[Date "2023.11.21"]
[Round "8"]
[White "Pastar, Slaven"]
[Black "Urazayev, Arystanbek"]
[Result "1-0"]
[Board "48"]
[TimeControl "180+1"]
[WhiteFideId "14402718"]
[BlackFideId "13709810"]
[WhiteElo "2230"]
[BlackElo "2405"]
[WhiteTeam "BIH"]
[BlackTeam "KAZ"]
[WhiteClock "0:00:13"]
[BlackClock "0:00:14"]

1. b3 d5 2. Bb2 e6 3. Nf3 Nf6 4. e3 Be7 5. Be2 O-O 6. c4 b6 7. cxd5 exd5 8. O-O Bb7 9. Nc3 Nbd7 10. Rc1 Ba6 11. Bxa6 c6 12. Be2 h6 13. d3 c5 14. d4 Re8 15. Bb5 Rc8 16. Ne5 Rc7 17. Nxd7 Nxd7 18. dxc5 Rxc5 19. Bxd7 Qxd7 20. Ne2 Rec8 21. Rxc5 bxc5 22. Nf4 Rd8 23. Qd3 Bg5 24. Rd1 d4 25. g3 Qg4 26. Qe2 Qf5 27. e4 Qc8 28. Nd3 c4 29. bxc4 Qxc4 30. h4 Bf6 31. e5 Be7 32. Rc1 Qxa2 33. Ra1 Qd5 34. Rxa7 Bf8 35. Ra4 Bc5 36. Ra5 Rc8 37. Rxc5 Rxc5 38. Nxc5 Qxc5 39. Qd2 Qxe5 40. Qxd4 Qe1+ 41. Kg2 f6 42. Qd5+ Kh8 43. Bd4 Qb4 44. Bc5 Qb1 45. Bf8 Qg6 46. Qb7 Kg8 47. Bxg7 Qxg7 48. Qxg7+ Kxg7 49. g4 Kg6 50. f4 f5 51. g5 Kf7 52. Kf3 Kg6 53. Ke3 hxg5 54. hxg5 Kf7 55. Kd4 Ke6 56. Kc5 Ke7 57. Kd5 1-0

[Event "November 21 Early 2023"]
[Site "https://www.chess.com"]
[Date "2023.11.21"]
[Round "8"]
[White "Weetik, Vjacheslav"]
[Black "Bettalli, Francesco"]
[Result "0-1"]
[Board "49"]
[TimeControl "180+1"]
[WhiteFideId "4153472"]
[BlackFideId "2816453"]
[WhiteElo "2469"]
[BlackElo "2226"]
[WhiteTeam "RUS"]
[BlackTeam "ITA"]
[WhiteClock "0:00:00"]
[BlackClock "0:00:27"]

1. d4 Nf6 2. c4 c5 3. d5 b5 4. cxb5 a6 5. b6 d6 6. Nc3 Nbd7 7. a4 Nxb6 8. a5 Nbd7 9. e4 g6 10. Nf3 Bg7 11. h3 O-O 12. Bc4 Bb7 13. O-O Rb8 14. Qe2 Qc8 15. Bf4 Ne8 16. Rfe1 Ne5 17. Nxe5 dxe5 18. Be3 Nd6 19. Bd3 f5 20. f3 f4 21. Bf2 c4 22. Bc2 g5 23. Na4 h5 24. Nc5 Rf6 25. Rac1 Rg6 26. Ne6 Rxe6 27. dxe6 Qxe6 28. Bb1 Bc6 29. Ba2 Bb5 30. Red1 Kh7 31. Qd2 g4 32. Qd5 Qg6 33. hxg4 hxg4 34. fxg4 Qxg4 35. Rc3 Bf6 36. Rh3+ Kg7 37. Rc1 Rg8 38. Qd1 Qg6 39. Bb1 Kf8 40. Qf3 Bd7 41. Rh2 Bg4 42. Qa3 f3 43. Qc5 Qg5 44. Re1 Qd2 45. Qe3 Qxb2 46. Rd1 fxg2 47. Rxg2 Bxd1 48. Qh6+ Bg7 49. Qc1 Qxc1 0-1

[Event "November 21 Early 2023"]
[Site "https://www.chess.com"]
[Date "2023.11.21"]
[Round "8"]
[White "Skvortsov, Andrei"]
[Black "Redzisz, Michal"]
[Result "1-0"]
[Board "50"]
[TimeControl "180+1"]
[WhiteFideId "24108600"]
[BlackFideId "21816107"]
[WhiteElo "2357"]
[BlackElo "2068"]
[WhiteTeam "MNE"]
[BlackTeam "POL"]
[WhiteClock "0:01:55"]
[BlackClock "0:00:06"]

1. e4 c5 2. d4 cxd4 3. Qxd4 Nc6 4. Qd3 g6 5. Nc3 Bg7 6. Nf3 d6 7. Be2 Nf6 8. O-O O-O 9. Nd5 Be6 10. c3 Rc8 11. Bg5 Qe8 12. Rfd1 Bxd5 13. exd5 Ne5 14. Qe3 Nc4 15. Bxc4 Rxc4 16. Qxa7 Qb5 17. Bxf6 Bxf6 18. Rd2 b6 19. a4 Qb3 20. h3 Rfc8 21. a5 bxa5 22. Rxa5 Rf4 23. Qe3 Qc4 24. Qd3 Qc7 25. Ra6 Qd7 26. Ra1 g5 27. g3 Rfc4 28. Kg2 h5 29. Nh2 g4 30. h4 Be5 31. Nf1 Qb7 32. Ne3 R4c5 33. Qf5 e6 34. Qxh5 f5 35. Qg6+ Bg7 36. Qxe6+ Kh8 37. Qxf5 Re8 38. Qh5+ 1-0

[Event "November 21 Early 2023"]
[Site "https://www.chess.com"]
[Date "2023.11.21"]
[Round "8"]
[White "Djordjevic, Vuk"]
[Black "Do Nascimento,Christian Almeida"]
[Result "0-1"]
[Board "51"]
[TimeControl "180+1"]
[WhiteFideId "902098"]
[BlackFideId "2143801"]
[WhiteElo "2425"]
[BlackElo "2118"]
[WhiteTeam "SRB"]
[BlackTeam "BRA"]
[WhiteClock "0:00:02"]
[BlackClock "0:00:09"]

1. e4 c5 2. Nc3 g6 3. g3 Bg7 4. Bg2 d6 5. d3 Nf6 6. h3 O-O 7. Be3 Nc6 8. Qd2 Rb8 9. Bh6 b5 10. Bxg7 Kxg7 11. f4 Nd4 12. Nd1 b4 13. c3 bxc3 14. bxc3 Ne6 15. f5 Nc7 16. g4 e6 17. Ne3 exf5 18. gxf5 Re8 19. fxg6 hxg6 20. Ne2 d5 21. Nxd5 Ncxd5 22. exd5 Nxd5 23. O-O Ne3 24. Rf2 Bf5 25. d4 Nxg2 26. Kxg2 Qd5+ 27. Kh2 Qd6+ 28. Ng3 Rh8 29. Rxf5 gxf5 30. Qg5+ Qg6 31. Nxf5+ Kf8 32. Qe7+ Kg8 33. Rg1 Rb2+ 34. Kh1 Rxh3# 0-1

[Event "November 21 Early 2023"]
[Site "https://www.chess.com"]
[Date "2023.11.21"]
[Round "8"]
[White "Ferreira, Vitor Hugo Vieira"]
[Black "Csonka, Balazs"]
[Result "0-1"]
[Board "52"]
[TimeControl "180+1"]
[WhiteFideId "2119765"]
[BlackFideId "742910"]
[WhiteElo "2123"]
[BlackElo "2399"]
[WhiteTeam "BRA"]
[BlackTeam "HUN"]
[WhiteClock "0:00:10"]
[BlackClock "0:00:02"]

1. d4 Nf6 2. c4 g6 3. Nc3 d5 4. Nf3 Bg7 5. Qb3 dxc4 6. Qxc4 O-O 7. e4 Nc6 8. d5 Na5 9. Qb4 c6 10. dxc6 Nxc6 11. Qa4 Nd7 12. Be3 Nb6 13. Qd1 Qxd1+ 14. Rxd1 Be6 15. Bb5 Nc4 16. Bc1 Nb4 17. O-O a6 18. Bd7 Bxc3 19. Bxe6 fxe6 20. bxc3 Nxa2 21. Bh6 Rfd8 22. Rb1 b5 23. Rb3 Rd3 24. Ng5 Rxc3 25. Rbb1 Nd6 26. f3 Rc6 27. Nxe6 Nf7 28. Nd4 Rc4 29. Be3 Nc3 30. Rb2 Rd8 31. Nb3 Rd3 32. Bf2 Na4 33. Rbb1 Nc3 34. Rb2 Na4 35. Rbb1 Ne5 36. Na5 Rc8 37. Nb7 Nc4 38. Rfd1 Rxd1+ 39. Rxd1 Rc7 40. Nd8 Nc3 41. Rd3 Ne2+ 42. Kf1 Nf4 43. Rd1 Rc8 44. g3 Nh5 45. Ne6 Kf7 46. Ng5+ Kg8 47. h4 Nf6 48. g4 h6 49. Nh3 Kf7 50. Nf4 g5 51. hxg5 hxg5 52. Nd3 Nd7 53. Ke2 Nde5 54. Ne1 Ng6 55. Be3 Nxe3 56. Kxe3 Nf4 57. Ra1 Rc3+ 58. Kd2 Rc6 59. Nc2 Rd6+ 60. Ke3 Ng2+ 61. Kf2 Rd2+ 62. Kg3 Rxc2 63. Rxa6 Nf4 64. Rb6 Rg2# 0-1

[Event "November 21 Early 2023"]
[Site "https://www.chess.com"]
[Date "2023.11.21"]
[Round "8"]
[White "De Silva, L M S T"]
[Black "ploxoi"]
[Result "1-0"]
[Board "53"]
[TimeControl "180+1"]
[WhiteFideId "9953698"]
[WhiteElo "2372"]
[BlackElo "2447"]
[WhiteTeam "SRI"]
[WhiteClock "0:00:53"]
[BlackClock "0:01:17"]

1. Nf3 d5 2. b3 Nf6 3. Bb2 c5 4. e3 a6 5. d4 Nc6 6. Nbd2 Bf5 7. Be2 h6 8. O-O e6 9. c4 cxd4 10. Nxd4 Nxd4 11. Bxd4 Bg6 12. cxd5 Nxd5 13. Nc4 Rc8 14. Ne5 Bh7 15. Bh5 Rc7 16. Qf3 Nf6 17. Bb6 Nxh5 18. Qxh5 Bd6 19. Rad1 O-O 20. Nc4 Qf6 21. Rxd6 Rcc8 22. Rfd1 Bc2 23. Rc1 Be4 24. Bd4 Qe7 25. Qe5 f6 26. Qxe6+ Qxe6 27. Rxe6 Bf5 28. Rb6 Be4 29. f3 Bd5 30. e4 Bc6 31. Na5 Rfd8 32. Nxc6 Rxd4 33. Ne7+ 1-0